 Dungeon Crawl Stone Soup version 0.31-a0-743-g45f7035092 (webtiles) character file.

Game seed: 1109143361089549343

100667 iamoutofideas the Severer (level 16, -14/141 HPs)
             Began as a Hill Orc Berserker on Sept 12, 2023.
             Was a High Priest of Trog.
             Demolished by an orc warrior
             ... wielding a +0 trident
             ... led by an orc warlord
              (21 damage)
             ... on level 2 of the Orcish Mines.
             The game lasted 00:49:43 (22953 turns).

iamoutofideas the Severer (Hill Orc Berserker)     Turns: 22953, Time: 00:49:45

Health: -14/141    AC: 32    Str: 33    XL:     16   Next: 28%
Magic:  16/16      EV:  8    Int:  8    God:    Trog [*****.]
Gold:   1144       SH: 17    Dex: 18    Spells: 15/15 levels left

rFire   + . .        l - +2 war axe (vamp)
rCold   + . .        N - +3 kite shield {rC+}
rNeg    . . .        A - +0 plate armour of Protective Custody {Rampage Dex+4}
rPois   +            q - +1 helmet "Yxtorui" {Slay+2}
rElec   .            K - +2 cloak of the Cockatrice {rPois Str+3 Int+2 Stlth+}
rCorr   .            I - +2 pair of gloves {Dex+3}
SInv    +            x - +2 pair of boots
Will    +++..        d - amulet of regeneration Stlth
                     r - ring of protection from fire
HPRegen 2.23/turn    R - ring of see invisible
MPRegen 0.15/turn

%: rampage
@: grasped by roots, strong-willed, on berserk cooldown, regenerating, hasted
and slowed, constricted, studying Spellcasting
A: talons 1, strong 1
a: Renounce Religion, Berserk, Trog's Hand, Brothers in Arms


You were on level 2 of the Orcish Mines.
You worshipped Trog.
Trog was extremely pleased with you.
You visited 4 branches of the dungeon, and saw 23 of its levels.
You also visited: Sewer, Ossuary and Ice Cave.

You collected 2844 gold pieces.
You spent 1700 gold pieces at shops.

Inventory:

Hand Weapons
 l - a +2 vampiric war axe (weapon)
 n - a +2 antimagic hand axe
 M - a +1 broad axe of freezing
 O - a +4 broad axe
 U - a +6 hand axe of flaming
Missiles
 a - 3 throwing nets
Armour
 j - +0 acid dragon scales
 q - the +1 helmet "Yxtorui" (worn) {Slay+2}
   (You acquired it on level 5 of the Lair of Beasts)

   Slay+2:    It affects your accuracy & damage with ranged weapons and melee
   (+2).
 x - a +2 pair of boots (worn)
 A - the +0 plate armour of Protective Custody (worn) {Rampage Dex+4}
   (You bought it in a shop on level 7 of the Dungeon)

   Dex+4:     It affects your dexterity (+4).
   Rampage:   It bestows one free step when moving towards enemies.
 I - a +2 pair of gloves of dexterity (worn)
 K - the +2 cloak of the Cockatrice (worn) {rPois Str+3 Int+2 Stlth+}
   (You bought it in a shop on level 7 of the Dungeon)

   Str+3:     It affects your strength (+3).
   Int+2:     It affects your intelligence (+2).
   rPois:     It protects you from poison Stlth+: It makes you more stealthy.
 L - a +2 cloak of cold resistance
 N - a +3 kite shield of cold resistance (worn)
 Q - a +0 plate armour of poison resistance
Jewellery
 d - an amulet of regeneration (around neck)
 r - a ring of protection from fire (left hand)
 y - a ring of ice
 R - a ring of see invisible (right hand)
 W - a ring of willpower
Wands
 s - a wand of quicksilver (14)
 u - a wand of digging (7)
 w - a wand of mindburst (17)
 Z - a wand of charming (5)
Scrolls
 b - 2 scrolls of immolation
 e - 7 scrolls of fear
 f - 3 scrolls of fog
 g - 2 scrolls of torment
 h - 8 scrolls of teleportation
 B - 5 scrolls of poison
 E - a scroll of revelation
 P - a scroll of silence
 T - 3 scrolls of butterflies
Potions
 c - 5 potions of brilliance
 i - 4 potions of magic
 m - a potion of invisibility
 p - 3 potions of haste
 t - a potion of lignification
 v - 8 potions of might
 z - 8 potions of curing
 C - 6 potions of enlightenment
 D - 2 potions of ambrosia
 F - a potion of mutation
 J - a potion of cancellation
 S - 2 potions of attraction
Miscellaneous
 G - a phial of floods
 V - a phantom mirror


   Skills:
 + Level 12.7 Fighting
 + Level 20.5 Axes
 + Level 18.2 Armour
 + Level 5.4 Dodging
 - Level 0.8 Stealth
 * Level 14.0 Shields


You had 15 spell levels left.
You didn't know any spells.
Your spell library contained the following spells:

 Spells                   Type           Power      Damage    Failure   Level
 Shock                    Conj/Air       0%         1d3       94%         1
 Blink                    Tloc           0%         N/A       98%         2
 Scorch                   Fire           0%         2d5       98%         2
 Dazzling Flash           Conj/Hex       0%         N/A       100%        3
 Frozen Ramparts          Ice            0%         1d1       100%        3
 Summon Guardian Golem    Hex/Summ       0%         N/A       100%        3
 Swiftness                Air            0%         N/A       100%        3
 Volatile Blastmotes      Fire/Tloc      0%         2d10      100%        3
 Airstrike                Air            0%         2d(0-16)  100%        4
 Fulminant Prism          Conj/Hex       0%         3d5       100%        4
 Iskenderun's Mystic Bla  Conj/Tloc      0%         2d3       100%        4
 Manifold Assault         Tloc           0%         N/A       100%        4
 Petrify                  Tmut/Erth      0%         N/A       100%        4
 Iskenderun's Battlesphe  Conj           0%         2d6       100%        5
 Metabolic Englaciation   Hex/Ice        0%         N/A       100%        5
 Leda's Unmaking          Conj/Erth      0%         9d1       100%        6
 Simulacrum               Ice/Necr       0%         N/A       100%        6
 Starburst                Conj/Fire      0%         6d3       100%        6
 Orb of Destruction       Conj           0%         9d5       100%        7
 Ozocubu's Refrigeration  Ice            0%         4d7       100%        7
 Spellforged Servitor     Conj/Summ      0%         N/A       100%        7
 Maxwell's Capacitive Co  Air            0%         ∞         100%        8
 Fire Storm               Conj/Fire      0%         5d1       100%        9


Dungeon Overview and Level Annotations

Branches:
Dungeon (15/15)            Temple (1/1) D:6            Lair (5/5) D:9
 Shoals (0/4) Lair:2        Snake (0/4) Lair:2        Slime (0/5) Lair:5
    Orc (2/2) D:9             Elf (0/3) Orc:2        Vaults (0/5) D:13
 Depths (0/4) D:15          Sewer (visited)         Ossuary (visited)
  IceCv (visited)

Altars:
Ashenzari
Cheibriados
Dithmenos
Elyvilon
Fedhas
Gozag
Hepliaklqana
Kikubaaqudgha
Makhleb
Nemelex Xobeh
Okawaru
Qazlal
Ru
Sif Muna
Trog
Uskayaw
Vehumet
Wu Jian
Xom
Yredelemnul
Zin
The Shining One
Beogh
Jiyva
Lugonu

Shops:
D:7 *[[   D:8 [   D:15 *

Annotations:
D:8 2 runed translucent doors, bahustanut's ghost, novice MfGl
D:12 2 runed translucent doors
Lair:2 exclusion: downstairs
Orc:2 Jorgrun


Innate Abilities, Weirdness & Mutations

You have sharp toenails.
Your muscles are strong. (Str +4, Int/Dex -1)


Message History

Jorgrun is moderately wounded.
You slash the orc warlord!
You feel better.
You slash the orc warrior!
Your attack snaps the orc warrior out of its fear.
The orc warlord hits you with a +0 long sword!
* * * LOW HITPOINT WARNING * * *
Jorgrun hits you but does no damage. The grasping roots constrict you.
Okay, then.
Your deep troll goes berserk!
The orc warlord roars a battlecry!
The orcs go into a battle-frenzy!
You block the orc warrior's attack.
Jorgrun points at you and mumbles some strange words.
You block the entropic shot. The grasping roots constrict you.
Unknown command.
You slice the orc warlord!!
The orc warlord is heavily wounded.
You slice Jorgrun!! The orc warlord barely misses you.
You block the orc warrior's attack. You block Jorgrun's attack.
The grasping roots constrict you.
You closely miss the orc warlord.
The orc warlord is heavily wounded.
You hit Jorgrun but do no damage.
Your deep troll bites Jorgrun!
Your deep troll claws Jorgrun!
Your deep troll claws Jorgrun.
The orc warlord hits you with a +0 long sword!
* * * LOW HITPOINT WARNING * * *
The orc warrior hits you from afar with a +0 trident.
* * * LOW HITPOINT WARNING * * *
Jorgrun hits you with a staff of earth!
* * * LOW HITPOINT WARNING * * *
The grasping roots constrict you.
Unknown command.
Okay, then.
Okay, then.
The roots grasp on you weakens, but your attempt to escape fails.
The orc no longer looks unusually strong.
Your deep troll bites Jorgrun.
Your deep troll claws Jorgrun!
Your deep troll closely misses Jorgrun.
The orc warlord hits you but does no damage.
The orc warrior hits you from afar with a +0 trident!!
You die...

#.## ###.# #..#### ####..#.o##
.. #.....#...# ##...
####........## #...... . #
##............# ##....... ..#.
#......T......###........
....##o...>.g@....)#.........#
.............o....)..........#
...........o.#.#.....).o.....#
#...........#####...........#
#......))..## #.........###
#....o.)....# #...........#
.......))....#..............##
......o..o..##.......#.......#
.....................#.##.....


You could see Jorgrun (distracted, ally target), an orc warlord, 3 orc warriors,
an orc wizard (strong, invisible, fleeing), an orc (fleeing) and a friendly deep
troll (summoned, berserk).

Vanquished Creatures
  Gastronok (D:11)
  Frances (D:12)
  Kirke (D:15)
  A frost giant (IceCv)
  An ironbound thunderhulk (D:13)
  An ettin (D:15)
  Fannar (D:12)
  A great orb of eyes (Lair:5)
  Harold (D:11)
  An ogre mage (D:15)
  3 hydras
  4 catoblepae
  2 vault guards (D:13)
  A boulder beetle (D:14)
  2 centaur warriors
  Erica (Orc:1)
  4 two-headed ogres
  A tengu warrior (D:13)
  10 death yaks
  Urug (D:11)
  Sonja (D:12)
  A skyshark (Lair:2)
  A fire crab (Lair:4)
  3 deep trolls (D:15)
  An orange crystal statue (D:12)
  A wolf spider (Lair:5)
  3 orc sorcerers
  2 orc knights
  8 ugly things
  2 manticores (D:12)
  2 cyclopes
  Maurice (D:10)
  8 elephants
  10 black mambas
  2 gargoyles (D:15)
  A guardian serpent (Lair:5)
  An ice statue (IceCv)
  A torpor snail (Lair:3)
  16 cane toads
  2 unseen horrors
  17 komodo dragons
  6 rime drakes
  3 efreet
  2 ice devils (D:11)
  3 tengu conjurers (D:15)
  6 trolls
  12 polar bears
  3 meliai (D:13)
  3 hornets
  Grinder (D:4)
  A troll (shapeshifter) (D:14)
  29 blink frogs
  7 dream sheep (Lair:3)
  A centaur simulacrum (D:14)
  4 slime creatures (D:12)
  2 shadows
  3 wraiths
  14 wyverns
  2 basilisks
  A human (D:13)
  74 yaks
  5 hogs (D:15)
  3 steam dragons
  6 vampire mosquitoes
  3 redbacks (Lair:5)
  Menkaure (D:7)
  3 nagas (Lair:2)
  2 acid dragons
  A warg (Orc:1)
  30 water moccasins
  A swamp drake (Lair:2)
  Pargi (Sewer)
  2 black bears
  An ice beast (D:8)
  A black bear (shapeshifter) (D:14)
  18 orc warriors
  4 ogres
  4 boggarts (D:14)
  32 wolves
  10 centaurs
  2 phantoms (D:9)
  9 bullfrogs
  An earth elemental (D:15)
  2 gnoll sergeants
  3 kobold brigands
  2 water moccasin zombies (Ossuary)
  3 scorpions
  A troll zombie (D:9)
  9 howler monkeys
  18 killer bees
  3 jellies
  8 orc priests
  Crazy Yiuf (D:2)
  3 hounds
  Ijyb (D:3)
  2 iguanas (D:5)
  16 orc wizards
  5 ogre zombies (D:9)
  2 human simulacra (D:10)
  2 mummies (Ossuary)
  9 adders
  23 gnolls
  A river rat (D:3)
  A shadow imp (D:6)
  A white imp (D:6)
  An adder zombie (Ossuary)
  3 worms
  3 dart slugs
  47 orcs
  12 ball pythons
  8 bats
  5 endoplasms
  3 giant cockroaches
  7 gnoll zombies (Ossuary)
  5 goblins
  7 hobgoblins
  5 jackals
  5 quokkas
  10 frilled lizards
  A hobgoblin skeleton (D:9)
  6 hobgoblin zombies
  22 kobolds
  4 kobold zombies (Ossuary)
  An orc skeleton (D:9)
  21 orc zombies
  9 rats
  2 butterflies (Lair:4)
743 creatures vanquished.

Vanquished Creatures (collateral kills)
  A hydra (Lair:5)
  A wolf spider (Lair:5)
  A komodo dragon (D:12)
  A meliai (D:12)
  A yak (IceCv)
  A wyvern (Lair:5)
6 creatures vanquished.

Vanquished Creatures (others)
  A human (D:15)
  2 orc warriors (Orc:2)
  An orc wizard (D:3)
4 creatures vanquished.

Grand Total: 753 creatures vanquished

Notes
Turn   | Place    | Note
-------+----------+-------------------------------------------
     0 | D:1      | iamoutofideas the Hill Orc Berserker began the quest for
                  | the Orb.
     0 | D:1      | Reached XP level 1. HP: 19/19 MP: 1/1
    98 | D:1      | Reached XP level 2. HP: 21/27 MP: 2/2
   478 | D:1      | Reached XP level 3. HP: 33/33 MP: 3/3
   497 | D:1      | Reached ** piety under Trog
   936 | D:2      | Reached XP level 4. HP: 40/40 MP: 4/4
   940 | D:2      | Reached skill level 5 in Axes
  1531 | D:2      | Reached XP level 5. HP: 22/47 MP: 5/5
  1915 | D:2      | Found a runed translucent door.
  1916 | D:2      | Noticed Crazy Yiuf
  2000 | D:2      | Killed Crazy Yiuf
  2057 | D:3      | Found a glowing drain.
  2085 | Sewer    | Entered a sewer
  2167 | Sewer    | Reached skill level 6 in Axes
  2207 | Sewer    | Noticed Pargi
  2222 | Sewer    | Killed Pargi
  2223 | Sewer    | Reached XP level 6. HP: 55/55 MP: 6/6
  2267 | Sewer    | Reached *** piety under Trog
  2585 | D:3      | Reached skill level 5 in Fighting
  2591 | D:3      | Noticed Ijyb
  2605 | D:3      | Killed Ijyb
  2693 | D:3      | Reached skill level 7 in Axes
  3074 | D:3      | Reached XP level 7. HP: 61/61 MP: 7/7
  3782 | D:4      | Reached skill level 8 in Axes
  3943 | D:4      | Noticed Grinder
  3950 | D:4      | Killed Grinder
  3951 | D:4      | Reached skill level 9 in Axes
  4191 | D:4      | Found a roughly hewn altar of Beogh.
  4362 | D:5      | Entered Level 5 of the Dungeon
  4465 | D:5      | Reached XP level 8. HP: 52/68 MP: 8/8
  4910 | D:5      | Reached skill level 10 in Axes
  5297 | D:6      | Found a sand-covered staircase.
  5300 | Ossuary  | Entered an ossuary
  5313 | Ossuary  | Reached **** piety under Trog
  5596 | D:6      | Reached skill level 11 in Axes
  6019 | D:6      | Found a white marble altar of Elyvilon.
  6075 | D:6      | Got the Anthology of the Frostbound Dragon
  6077 | D:6      | Found a staircase to the Ecumenical Temple.
  6102 | D:6      | Reached skill level 12 in Axes
  6227 | Temple   | Entered the Ecumenical Temple
  6484 | D:7      | Found the +8 trident of the Octopus King {venom, rElec
                  | rPois}
  6510 | D:7      | Found Wuje's Assorted Antiques.
  6511 | D:7      | Found Utziem's Antique Armour Emporium.
  6554 | D:7      | Found Mearegek's Armour Boutique.
  6573 | D:7      | Bought an encrusted buckler for 266 gold pieces
  6573 | D:7      | Identified the +1 buckler "Piborph" {Int+4 Dex+2} (You
                  | bought it in a shop on level 7 of the Dungeon)
  6596 | D:7      | Noticed Menkaure
  6599 | D:7      | Reached skill level 1 in Shields
  6599 | D:7      | Reached XP level 9. HP: 4/74 MP: 9/9
  6605 | D:7      | Killed Menkaure
  7125 | D:7      | Reached skill level 13 in Axes
  7129 | D:7      | Reached ***** piety under Trog
  7612 | D:7      | Bought a pair of glowing gloves for 210 gold pieces
  7656 | D:8      | Found a large runed translucent door.
  7657 | D:8      | Found a large runed translucent door.
  7662 | D:8      | Noticed bahustanut's ghost (novice MfGl)
  7789 | D:8      | Found Efaqir's Armour Shop.
  7961 | D:8      | Reached skill level 5 in Armour
  7963 | D:8      | Reached skill level 14 in Axes
  7986 | D:8      | Reached XP level 10. HP: 81/81 MP: 10/10
  8391 | D:9      | Found a staircase to the Orcish Mines.
  8444 | D:9      | Reached skill level 15 in Axes
  8805 | D:9      | Noticed a two-headed ogre
  8815 | D:9      | Killed a two-headed ogre
  8953 | D:9      | Found a staircase to the Lair.
  8974 | D:9      | Reached skill level 16 in Axes
  9203 | D:9      | Found a radiant altar of Vehumet.
  9203 | D:9      | Found an ornate altar of the Wu Jian Council.
  9465 | D:10     | Entered Level 10 of the Dungeon
  9662 | D:10     | Found a hazy altar of Hepliaklqana.
  9672 | D:10     | Found an ancient bone altar of Kikubaaqudgha.
  9677 | D:10     | Found a glowing silver altar of Zin.
  9765 | D:10     | Noticed Maurice
  9799 | D:10     | Killed Maurice
  9800 | D:10     | Reached XP level 11. HP: 32/86 MP: 11/11
 10009 | D:10     | Found a sparkling altar of Nemelex Xobeh.
 10010 | D:10     | Found a burning altar of Makhleb.
 10011 | D:10     | Found a broken altar of Ashenzari.
 10012 | D:10     | Found a blossoming altar of Fedhas.
 10026 | D:10     | Reached skill level 5 in Dodging
 10175 | D:10     | Reached skill level 10 in Armour
 10378 | D:10     | Found a glowing golden altar of the Shining One.
 10380 | D:10     | Found a basalt altar of Yredelemnul.
 10380 | D:10     | Found a shimmering blue altar of Sif Muna.
 10527 | D:11     | Identified a scroll of acquirement
 10527 | D:11     | Acquired 907 gold pieces
 10602 | D:11     | Noticed Gastronok
 10603 | D:11     | Noticed Urug
 10727 | D:11     | Found a frozen archway.
 10797 | IceCv    | Entered an ice cave
 11047 | IceCv    | Identified the +3 falchion of Classification {holy, rN++}
 11302 | IceCv    | Reached XP level 12. HP: 64/94 MP: 12/12
 11705 | IceCv    | Noticed a death yak
 11728 | IceCv    | Killed a death yak
 11915 | IceCv    | Noticed a frost giant
 11915 | IceCv    | Noticed a death yak
 11928 | IceCv    | Reached skill level 15 in Armour
 11937 | IceCv    | Killed a death yak
 11946 | IceCv    | Killed a frost giant
 11946 | IceCv    | Received a gift from Trog
 12048 | IceCv    | Identified the +2 ring mail of an ossuary {*Corrode Int+4
                  | Dex+3 Stlth+}
 12057 | IceCv    | Got the Secrets of Snow
 12131 | D:11     | Killed Urug
 12201 | D:11     | Gained mutation: You have a somewhat thin skeletal
                  | structure. (Dex +2, Stealth+) [potion of mutation]
 12201 | D:11     | Gained mutation: You have hidden genetic potential. [potion
                  | of mutation]
 12201 | D:11     | Gained mutation: Armour fits poorly on your strangely
                  | shaped body. [potion of mutation]
 12201 | D:11     | Gained mutation: You expend magic power (3 MP) to
                  | strengthen your wands. [potion of mutation]
 12205 | D:11     | Lost mutation: You expend magic power (3 MP) to strengthen
                  | your wands. [potion of mutation]
 12205 | D:11     | Lost mutation: You have hidden genetic potential. [potion
                  | of mutation]
 12205 | D:11     | Gained mutation: You are somewhat resistant to further
                  | mutation. [potion of mutation]
 12206 | D:11     | Lost mutation: You have a somewhat thin skeletal structure.
                  | (Dex +2, Stealth+) [potion of mutation]
 12206 | D:11     | Lost mutation: Armour fits poorly on your strangely shaped
                  | body. [potion of mutation]
 12206 | D:11     | Lost mutation: You are somewhat resistant to further
                  | mutation. [potion of mutation]
 12206 | D:11     | Gained mutation: Your muscles are strong. (Str +4, Int/Dex
                  | -1) [potion of mutation]
 12206 | D:11     | Gained mutation: You have sharp toenails. [potion of
                  | mutation]
 12280 | D:11     | Killed Gastronok
 12566 | D:11     | Noticed Harold
 12579 | D:11     | Killed Harold
 12779 | D:12     | Noticed Frances
 12789 | D:12     | Noticed a soul eater
 12794 | D:12     | Killed Frances
 12868 | D:12     | Noticed Sonja
 12875 | D:12     | Killed Sonja
 12876 | D:12     | Reached skill level 17 in Axes
 12876 | D:12     | Reached XP level 13. HP: 88/88 MP: 13/13
 13316 | D:12     | Found a large runed translucent door.
 13316 | D:12     | Found a large runed translucent door.
 13337 | D:12     | Noticed Fannar
 13353 | D:12     | Killed Fannar
 13354 | D:12     | Reached skill level 18 in Axes
 14632 | Lair:1   | Entered Level 1 of the Lair of Beasts
 14718 | D:7      | Bought a triangular cabochon amulet for 145 gold pieces
 14718 | D:7      | Bought a scroll labelled NAZAEL UHIMU for 29 gold pieces
 14722 | D:7      | Bought a transparent plate armour for 784 gold pieces
 14722 | D:7      | Identified the +0 plate armour of Protective Custody
                  | {Rampage Dex+4} (You bought it in a shop on level 7 of the
                  | Dungeon)
 14722 | D:7      | Bought a crude cloak for 266 gold pieces
 14722 | D:7      | Identified the +2 cloak of the Cockatrice {rPois Str+3
                  | Int+2 Stlth+} (You bought it in a shop on level 7 of the
                  | Dungeon)
 15329 | Lair:1   | Reached skill level 5 in Shields
 15704 | Lair:1   | Upgraded the game from 0.31-a0-728-g01b46875f1 to
                  | 0.31-a0-743-g45f7035092
 15805 | Lair:2   | Reached XP level 14. HP: 116/116 MP: 14/14
 15971 | Lair:2   | Found a staircase to the Snake Pit.
 16306 | Lair:2   | Found a staircase to the Shoals.
 16640 | Lair:3   | Reached skill level 19 in Axes
 16939 | Lair:3   | Identified the +0 leather armour of the Equator {Dex+3}
 17305 | Lair:4   | Reached skill level 10 in Fighting
 17642 | Lair:4   | Reached skill level 10 in Shields
 18162 | Lair:5   | Entered Level 5 of the Lair of Beasts
 18198 | Lair:5   | Reached XP level 15. HP: 119/128 MP: 15/15
 18298 | Lair:5   | Found a staircase to the Slime Pits.
 18299 | Lair:5   | Found a viscous altar of Jiyva.
 18437 | Lair:5   | Received a gift from Trog
 18576 | Lair:5   | Acquired the +1 helmet "Yxtorui" {Slay+2}
 18712 | Lair:5   | Paralysed by a hornet for 2 turns
 18755 | Lair:5   | Reached ****** piety under Trog
 20287 | D:13     | Found a white marble altar of Elyvilon.
 20500 | D:13     | Received a gift from Trog
 20677 | D:13     | Found a gate to the Vaults.
 20915 | D:14     | Reached skill level 20 in Axes
 21016 | D:14     | You fall into a shaft and drop 1 floor!
 21016 | D:15     | Entered Level 15 of the Dungeon
 21238 | D:15     | Found Wozeibro's Pet Rocks.
 21370 | D:15     | Noticed Kirke
 21385 | D:15     | Killed Kirke
 21386 | D:15     | Reached XP level 16. HP: 139/139 MP: 16/16
 21411 | D:15     | Identified the +0 buckler "Arouxoga" {rPois rC+}
 21586 | D:15     | Found a staircase to the Depths.
 22211 | Orc:1    | Entered Level 1 of the Orcish Mines
 22211 | Orc:1    | Noticed Erica
 22230 | Orc:1    | Paralysed by an orc sorcerer for 3 turns
 22234 | Orc:1    | Killed Erica
 22337 | Orc:1    | Received a gift from Trog
 22792 | Orc:2    | Entered Level 2 of the Orcish Mines
 22887 | Orc:2    | Found a staircase to the Elven Halls.
 22909 | Orc:2    | Noticed Jorgrun
 22952 | Orc:2    | HP: 5/141 [Jorgrun/staff of earth (10)]
 22953 | Orc:2    | Demolished by an orc warrior

Illustrated notes

Levels and vault maps discovered:
D:1:      dpeg_arrival_rooms_with_view, layout_basic, chequers_garden
D:2:      layout_loops_corners, uniq_crazy_yiuf_cottage
D:3:      layout_basic, portal_sewer_entry_b, minivault_23, uniq_ijyb
D:4:      layout_basic, kennysheep_orc_chapel, uniq_grinder
D:5:      layout_basic, ebering_dispersal_statue_hall,
          nicolae_figureground_sparkle
D:6:      layout_loops_ring, general_overflow_altar, temple_pool_b,
          lightli_ossuary_entry_decrepit_ruins
D:7:      layout_gridville, nicolae_wooded_promenade, kennysheep_generic_room_8,
          uniq_menkaure
D:8:      layout_rooms, ebering_ghost_disaster_area, serial_shops,
          nicolae_shop_tiny_real_fake_doors
D:9:      layout_long_grid, gammafunk_temple_overflow_statue,
          david_lair_shrubbed, zombieorc1_lemuel
D:10:     layout_irregular_city, grunt_temple_overflow_open, minitemple,
          bh_circular_ruins, uniq_maurice
D:11:     layout_rooms, portal_ice_cave_demonic_guard, uniq_urug, uniq_harold,
          uniq_gastronok
D:12:     okawaru_arena_lexackson, layout_gridville, grunt_ministairs_13,
          minivault_15, minmay_puff, uniq_sonja, uniq_frances, uniq_fannar
D:13:     layout_loops_ring, hellmonk_vaults_keyhole, elyvilon_altar_3
D:14:     layout_cave_pools
D:15:     hangedman_depths_entry_civil_slaughter, layout_irregular_city,
          chequers_serial_rivers_micro_b, guppyfry_shop_earth, uniq_kirke
Temple:   corrupted_temple
Lair:1:   layout_chaotic_city
Lair:2:   layout_long_grid, elwin_shoals_entry_rocks,
          guppyfry_snake_entry_garden, hibernation_bobbens
Lair:3:   layout_misc_corridors, grunt_megastairs_2, serial_bayou_shore_a
Lair:4:   beast_lair_carwin_large_2, layout_hall_layers, minmay_lair_drake_nest,
          lemuel_fruit_fields
Lair:5:   hangedman_lair_tendril_chambers, layout_concentric_octagons,
          slime_entry_1
Orc:1:    layout_caves, uniq_erica
Orc:2:    st_orc_rangers, layout_diamond_mine, uniq_jorgrun

Skill      XL: |  1  2  3  4  5  6  7  8  9 10 11 12 13 14 15 16 |
---------------+-------------------------------------------------+-----
Dodging        | 2 3 4 5 |  5.4
Fighting       | 4 5 8 10 12 | 12.7
Axes           | 5 6 7 9 12 14 16 17 18 19 20 | 20.5
Armour         | 3 4 5 9 13 16 17 18 | 18.2
Shields        | 1 4 6 10 13 14 | 14.0
Stealth        | |  0.8

Action                     |  1- 3 |  4- 6 |  7- 9 | 10-12 | 13-15 | 16-18 || total
---------------------------+-------+-------+-------+-------+-------+-------++-------
  Melee: Hand axe          |    89 |   214 |   253 |       |       |       ||   556
         Punch             |       |     3 |     3 |       |       |       ||     6
         War axe           |       |       |   180 |   591 |  1173 |   209 ||  2153
         Broad axe         |       |       |       |     9 |       |       ||     9
 Invoke: Berserk           |     1 |     4 |     5 |    18 |    13 |     3 ||    44
         Trog's Hand       |       |       |     1 |     6 |     1 |     1 ||     9
         Brothers in Arms  |       |       |       |     1 |     2 |     1 ||     4
  Evoke: Wand              |       |       |       |       |    15 |       ||    15
    Use: Scroll            |       |     4 |    11 |    12 |    10 |     2 ||    39
         Potion            |       |       |     2 |     7 |     3 |     3 ||    15
   Stab: Sleeping          |     1 |       |       |       |       |       ||     1
         Petrifying        |       |       |       |       |     3 |       ||     3
         Petrified         |       |       |       |       |     1 |       ||     1
 Armour: Animal skin       |    55 |       |       |       |       |       ||    55
         Scale mail        |    13 |   150 |   304 |       |       |       ||   467
         Plate armour      |       |       |       |   315 |   728 |   245 ||  1288
         Chain mail        |       |       |       |   250 |    85 |       ||   335
  Dodge: Dodged            |    72 |   103 |   203 |   258 |   389 |    64 ||  1089
  Block: Buckler           |       |       |    42 |   155 |    42 |       ||   239
         Kite shield       |       |       |       |       |   673 |   146 ||   819

Table legend: (Time is in decaauts)
 A = Elapsed time spent in this place.
 B = Non-inter-level travel time spent in this place.
 C = Inter-level travel time spent in this place.
 D = Time resting spent in this place.
 E = Time spent auto-exploring this place.
 F = Levels seen in this place.
 G = Mean time per level.
                   A        B        C        D        E       F      G
               +--------+--------+--------+--------+--------+-----+--------+
         Total |  22903 |  21222 |   1681 |   2989 |  13357 |  26 |  880.9 |
       Dungeon |  16164 |  14739 |   1425 |   2215 |   9520 |  15 | 1077.6 |
        Temple |      1 |      1 |      0 |      0 |      0 |   1 |    1.0 |
          Lair |   4488 |   4268 |    220 |    134 |   2913 |   5 |  897.6 |
  Orcish Mines |    521 |    486 |     35 |     38 |    292 |   2 |  260.5 |
         Sewer |    271 |    271 |      0 |     25 |    137 |   1 |  271.0 |
       Ossuary |    176 |    176 |      0 |      0 |     52 |   1 |  176.0 |
      Ice Cave |   1279 |   1279 |      0 |    576 |    441 |   1 | 1279.0 |
               +--------+--------+--------+--------+--------+-----+--------+

Top non-repeatable levels by time:
    D:12: 2042 daAuts
     D:9: 1629 daAuts
   IceCv: 1279 daAuts
     D:2: 1223 daAuts
     D:7: 1218 daAuts
    D:10: 1194 daAuts
     D:6: 1084 daAuts
    D:13: 1078 daAuts
    D:11: 1074 daAuts
     D:3: 1019 daAuts
  Lair:4: 975 daAuts
     D:1: 970 daAuts
     D:4: 969 daAuts
  Lair:1: 907 daAuts
  Lair:5: 903 daAuts
